 Dungeon Crawl Stone Soup version 0.17.0-28-g6e173f8 (console) character file.

6652 Cab the Jinx (level 10, -4/50 HPs)
             Began as a Deep Elf Enchanter on Nov 28, 2015.
             Was a High Priest of Sif Muna.
             Slain by a yak (12 damage)
             ... on level 1 of the Lair of Beasts.
             The game lasted 01:15:08 (11712 turns).

Cab the Jinx (Deep Elf Enchanter)                  Turns: 11712, Time: 01:15:08

Health: -4/50      AC:  7    Str:  5    XL:     10   Next: 73%
Magic:  3/36       EV: 13    Int: 24    God:    Sif Muna [*****.]
Gold:   580        SH:  0    Dex: 15    Spells: 5 memorised, 16 levels left

rFire  . . .     SeeInvis .     a - +1 rapier (speed)
rCold  . . .     Clarity  .     D - +1 robe
rNeg   . . .     SustAt   .     (no shield)
rPois  .         Gourm    .     I - +2 helmet
rElec  .         Spirit   .     t - +0 cloak
rCorr  .         Warding  .     (no gloves)
rMut   .         Stasis   .     (no boots)
MR     +....                    (no amulet)
Stlth  +++.......               s - ring of invisibility
                                f - ring of magical power

@: about to teleport, somewhat resistant to hostile enchantments, fairly
stealthy
A: no striking features
a: Channel Energy, Forget Spell, Renounce Religion, Evoke Invisibility


You were on level 1 of the Lair of Beasts.
You worshipped Sif Muna.
Sif Muna was extremely pleased with you.
You were not hungry.

You visited 2 branches of the dungeon, and saw 10 of its levels.

You collected 580 gold pieces.

Inventory:

Hand Weapons
 a - a +1 rapier of speed (weapon)
Armour
 t - a +0 cloak (worn)
 D - a +1 robe (worn)
 I - a +2 helmet (worn)
Magical Staves
 b - an uncursed staff of energy
Jewellery
 f - a ring of magical power (left hand)
 h - an uncursed ring of teleportation
 s - a ring of invisibility (right hand)
Wands
 m - a wand of frost (22)
 y - a wand of fireball (10)
 z - a wand of fire (0)
 H - a wand of polymorph (11)
Scrolls
 j - a scroll of magic mapping
 o - a scroll of amnesia
 u - 6 scrolls of identify
 v - 3 scrolls of teleportation
 B - a scroll of remove curse
 E - a scroll of recharging {unknown}
 J - a scroll of enchant armour {unknown}
Potions
 e - 2 potions of haste
 g - a potion of resistance
 i - 2 potions of curing
 k - a potion of heal wounds
 l - a potion of degeneration {unknown}
 n - a potion of brilliance {unknown}
 p - a potion of flight {unknown}
 q - a potion of lignification {unknown}
 w - a potion of mutation {unknown}
 A - a potion of berserk rage {unknown}
 C - a potion of magic {unknown}
Books
 c - a book of Maledictions

   Spells                             Type                      Level
   a - Corona                         Hexes                        1
   b - Ensorcelled Hibernation        Hexes/Ice                    2
   c - Confuse                        Hexes                        3
   d - Tukima's Dance                 Hexes                        3
   e - Dazzling Spray                 Conjuration/Hexes            3
 r - a book of Dreams

   Spells                             Type                      Level
   a - Ensorcelled Hibernation        Hexes/Ice                    2
   b - Phase Shift                    Translocation                5
   c - Shadow Creatures               Summoning                    5
   d - Silence                        Hexes/Air                    5
   e - Darkness                       Hexes                        6
   f - Mass Confusion                 Hexes                        6
Comestibles
 d - 4 bread rations
 x - a meat ration
 G - 11 fruits


   Skills:
 - Level 1.0 Short Blades
 - Level 3.1 Dodging
 - Level 3.6 Stealth
 * Level 11.3 Spellcasting
 * Level 8.8 Conjurations
 * Level 13.5 Hexes
 * Level 4.9 Invocations


You had 16 spell levels left.
You knew the following spells:

 Your Spells              Type           Power        Failure   Level  Hunger
a - Corona                Hex            ######.      1%          1    None
b - Ensorcelled Hibernat  Hex/Ice        #####.       1%          2    None
c - Dazzling Spray        Conj/Hex       ######..     1%          3    None
d - Confuse               Hex            ######..     1%          3    None
e - Mass Confusion        Hex            ######....   3%          6    #####..


Dungeon Overview and Level Annotations

Branches:
Dungeon (9/15)             Temple (0/1) D:7            Lair (1/8) D:8
    Orc (0/4) D:9

Altars:
Ashenzari
Fedhas
Ru
Sif Muna
Vehumet
Yredelemnul
Zin
The Shining One

Shops:
D:9 =


Message History

The yak appears confused.
The water moccasin hisses angrily.
Read which item? (? for menu, Esc to quit)
As you read the scroll of teleportation, it crumbles to dust.
You feel strangely unstable.
Casting: Confuse
Confirm with . or Enter, or press ? or * to list all spells.
Aiming: Confuse
Press: ? - help, Shift-Dir - straight line, f - water moccasin, p - yak
Aim: a water moccasin (chance to defeat MR: 79%)
The water moccasin appears confused.
The water moccasin bites you.
* * * LOW HITPOINT WARNING * * *
The yak gores the fungus!
Drink which item? (? for menu, Esc to quit)
Okay, then.
Unknown command.
You completely miss the water moccasin.
The water moccasin bites you but does no damage.
The yak gores you!
You die... ∙∙∙∙

∙∙▒ ▒∙∙∙▒
∙∙∙∙▒▒▒∙▒▒▒▒▒∙∙∙▒
$∙∙∙∙∙∙∙▒PP▒∙∙∙∙∙
∙∙∙∙∙∙▒∙∙∙∙∙∙∙▒∙▒
∙∙∙∙∙∙∙∙∙▒∙∙>∙▒▒▒
▒▒▒∙▒▒∙▒▒∙▒▒∙▒∙▒ ▒∙
▒∙∙∙∙∙∙∙∙∙∙ ▒
▒∙▒▒▒▒▒▒▒▒▒▒∙∙∙∙∙▒∙∙∙ ∙
▒∙∙S@Y∙∙Y∙∙∙∙P∙▒∙∙∙∙∙
▒∙▒▒∙P▒▒▒P▒▒▒▒▒∙∙∙∙∙∙∙∙∙
▒∙∙▒∙▒▒ ▒▒▒ ▒▒∙∙∙∙∙▒∙∙
▒▒∙▒∙∙∙▒▒▒▒▒▒▒▒▒▒P∙∙∙∙∙∙∙
▒∙∙∙∙▒∙∙∙∙∙∙>∙∙∙▒▒∙▒∙▒∙∙∙
▒▒▒∙∙∙▒∙∙▒▒▒▒▒∙▒▒∙▒∙▒∙∙∙
▒▒∙▒∙▒▒▒ ▒∙∙∙∙∙∙∙∙∙∙
▒∙▒▒▒▒▒▒▒▒▒▒▒▒▒▒▒▒∙∙∙
▒∙▒▒∙∙∙▒P▒▒▒∙▒ ▒∙∙∙


You could see 2 yaks and a water moccasin (confused).

Vanquished Creatures
  An elephant (D:8)
  Grinder (D:3)
  A raiju (shapeshifter) (D:9)
  A wyvern (D:8)
  9 yaks
  2 hippogriffs
  A hungry ghost (D:9)
  A water moccasin (Lair:1)
  3 orc warriors
  An ice beast (D:7)
  2 phantoms
  A black bear (D:9)
  3 centaurs (D:9)
  3 sky beasts
  3 ogres
  3 crocodiles
  3 giant frogs
  A wyvern skeleton (D:9)
  3 scorpions
  9 wights
  A hound (D:4)
  A jelly (D:7)
  4 crimson imps
  3 iguanas
  Crazy Yiuf (D:4)
  A gnoll shaman (D:5)
  Ijyb (D:2)
  6 orc priests
  Natasha (thrice) (D:2)
  6 worker ants
  13 orc wizards
  7 sheep
  9 gnolls
  Robin (D:2)
  7 adders
  10 river rats (Lair:1)
  2 oozes
  An adder zombie (D:8)
  A worm (D:3)
  3 adder skeletons
  33 orcs
  10 bats
  3 giant cockroaches
  19 goblins
  4 hobgoblins
  16 jackals
  10 kobolds
  3 quokkas
  8 giant geckos
  9 giant newts
  A jackal zombie (D:5)
  2 quokka skeletons
  5 rats
256 creatures vanquished.

Vanquished Creatures (others)
  An orc (D:9)
  A fungus (D:8)
2 creatures vanquished.

Grand Total: 258 creatures vanquished

Notes
Turn   | Place    | Note
--------------------------------------------------------------
     0 | D:1      | Cab the Deep Elf Enchanter began the quest for the Orb.
     0 | D:1      | Reached XP level 1. HP: 10/10 MP: 6/6
   152 | D:1      | Reached skill level 5 in Hexes
   152 | D:1      | Reached XP level 2. HP: 9/15 MP: 8/8
   157 | D:1      | Learned a level 2 spell: Ensorcelled Hibernation
   460 | D:1      | Reached XP level 3. HP: 19/19 MP: 2/9
   475 | D:1      | Learned a level 3 spell: Dazzling Spray
   827 | D:1      | Learned a level 3 spell: Confuse
  1153 | D:2      | Noticed Robin
  1329 | D:2      | Killed Robin
  1329 | D:2      | Reached skill level 6 in Hexes
  1329 | D:2      | Reached XP level 4. HP: 20/24 MP: 2/11
  1425 | D:2      | Noticed Natasha
  1434 | D:2      | Noticed Ijyb
  1443 | D:2      | Killed Ijyb
  1543 | D:2      | Killed Natasha
  1558 | D:2      | Reached skill level 1 in Conjurations
  1563 | D:2      | Noticed Natasha
  1570 | D:2      | Killed Natasha
  1570 | D:2      | Reached XP level 5. HP: 22/28 MP: 5/13
  1886 | D:2      | Noticed Natasha
  1890 | D:2      | Killed Natasha
  2204 | D:3      | Reached skill level 7 in Hexes
  2376 | D:3      | Noticed Grinder
  2387 | D:3      | Killed Grinder
  2387 | D:3      | Reached XP level 6. HP: 21/32 MP: 5/14
  3192 | D:4      | Reached skill level 5 in Spellcasting
  3203 | D:4      | Reached XP level 7. HP: 16/36 MP: 2/17
  3790 | D:4      | Found a radiant altar of Vehumet.
  3892 | D:4      | Found a deep blue altar of Sif Muna.
  3898 | D:4      | Became a worshipper of Sif Muna the Loreminder
  3929 | D:4      | Noticed Crazy Yiuf
  3941 | D:4      | Killed Crazy Yiuf
  3941 | D:4      | Reached skill level 5 in Conjurations
  4413 | D:4      | Found a shattered altar of Ashenzari.
  4572 | D:5      | Entered Level 5 of the Dungeon
  4763 | D:5      | Reached skill level 8 in Hexes
  5290 | D:5      | Reached * piety under Sif Muna
  5360 | D:5      | Reached XP level 8. HP: 33/41 MP: 20/20
  5417 | D:5      | Reached skill level 9 in Hexes
  6185 | D:6      | Reached skill level 10 in Hexes
  6371 | D:6      | Reached ** piety under Sif Muna
  6371 | D:6      | Reached skill level 1 in Invocations
  7274 | D:7      | Found a sacrificial altar of Ru.
  7374 | D:7      | Reached skill level 11 in Hexes
  7374 | D:7      | Reached XP level 9. HP: 30/45 MP: 2/23
  7508 | D:7      | Found a staircase to the Ecumenical Temple.
  7904 | D:8      | Reached *** piety under Sif Muna
  8340 | D:8      | Noticed an elephant
  8360 | D:8      | Killed an elephant
  8360 | D:8      | Reached skill level 12 in Hexes
  8900 | D:8      | Found a staircase to the Lair.
  8991 | D:8      | Learned a level 6 spell: Mass Confusion
  9106 | D:8      | Found a glowing silver altar of Zin.
  9120 | D:8      | Found a blossoming altar of Fedhas.
  9141 | D:8      | Found a glowing golden altar of the Shining One.
  9167 | D:8      | Found a basalt altar of Yredelemnul.
  9237 | D:8      | Reached **** piety under Sif Muna
  9237 | D:8      | Reached skill level 10 in Spellcasting
  9261 | D:9      | Found Gouda's Jewellery Boutique.
  9631 | D:9      | Reached XP level 10. HP: 50/50 MP: 16/26
  9763 | D:9      | Found a staircase to the Orcish Mines.
 10410 | D:9      | Reached skill level 13 in Hexes
 10890 | D:9      | Reached ***** piety under Sif Muna
 10917 | Lair:1   | Entered Level 1 of the Lair of Beasts
 11712 | Lair:1   | Slain by a yak

Action                   |  1- 3 |  4- 6 |  7- 9 | 10-12 || total
-------------------------+-------+-------+-------+-------++-------
Melee: Dagger            |   110 |   100 |       |       ||   210
       Rapier            |       |    15 |   176 |    77 ||   268
       Staff             |       |       |       |     6 ||     6
 Cast: Corona            |     4 |     1 |       |       ||     5
       Ensorcelled Hiber |     5 |    28 |    41 |     3 ||    77
       Dazzling Spray    |    14 |    23 |   170 |   106 ||   313
       Confuse           |       |     1 |    40 |     8 ||    49
       Mass Confusion    |       |       |     1 |     3 ||     4
Invok: Channel Energy    |       |       |     2 |     3 ||     5
Evoke: Wand              |       |       |     1 |     1 ||     2
  Use: Scroll            |     2 |     5 |    11 |     2 ||    20
       Potion            |       |       |     2 |       ||     2
 Stab: Sleeping          |     6 |    25 |    31 |     2 ||    64
       Invisible         |       |     2 |     6 |     6 ||    14
       Confused          |       |       |     9 |     1 ||    10
  Eat: Chunk             |     3 |     3 |    10 |     4 ||    20
       Fruit             |       |     3 |       |       ||     3
       Beef jerky        |       |     1 |     1 |       ||     2
       Meat ration       |       |       |     2 |       ||     2
       Bread ration      |       |       |       |     1 ||     1
